 Dungeon Crawl Stone Soup version 0.19.1-1-g22dce08 (webtiles) character file.

1388 Gorglomux the Basher (level 8, -1/53 HPs)
             Began as a Gargoyle Fighter on Dec 31, 2016.
             Was an Initiate of Gozag.
             Slain by an orc warrior
             ... wielding a +0 dire flail
              (6 damage)
             ... on level 6 of the Dungeon.
             The game lasted 00:09:04 (5040 turns).

Gorglomux the Basher (Gargoyle Fighter)             Turns: 5040, Time: 00:09:05

Health: -1/53      AC: 16    Str: 21    XL:     8   Next: 68%
Magic:  8/8        EV:  2    Int: 10    God:    Gozag
Gold:   591        SH:  9    Dex:  9    Spells: 0 memorised, 7 levels left

rFire  . . .     SeeInvis .     z - +0 flail (crush)
rCold  . . .     Gourm    .     y - +0 chain mail
rNeg   + . .     Faith    .     c - +0 shield
rPois  ∞         Spirit   .     (no helmet)
rElec  +         Reflect  .     w - +0 cloak
rCorr  .         Harm     .     g - +0 pair of gloves
MR     .....                    (no boots)
Stlth  ..........               (no amulet)
                                (no ring)
                                a - -3 ring of evasion (curse)

@: no status effects
A: negative energy resistance 1, electricity resistance, unbreathing,
petrification resistance, rot immunity, AC +5
a: Potion Petition, Call Merchant, Bribe Branch, Renounce Religion


You were on level 6 of the Dungeon.
You worshipped Gozag.
Gozag was pleased with you.
You were hungry.

You visited 1 branch of the dungeon, and saw 6 of its levels.

You collected 664 gold pieces.
You paid 73 gold pieces to Gozag.

Inventory:

Hand Weapons
 z - a +0 flail of crushing (weapon)
Armour
 c - a +0 shield (worn)
 g - a +0 pair of gloves (worn)
 w - a +0 cloak (worn)
 y - a +0 chain mail (worn)
Jewellery
 a - a cursed -3 ring of evasion (left hand)
Wands
 u - a wand of flame (12/48)
Scrolls
 b - a scroll of identify {unknown}
 h - a scroll of recharging {unknown}
 i - a scroll of enchant armour {unknown}
 n - a scroll of remove curse {unknown}
 o - a scroll of enchant weapon {unknown}
 v - a scroll of blinking {unknown}
 x - a scroll of amnesia {unknown}
Potions
 d - 3 potions of might
 e - 3 potions of cure mutation {unknown}
 k - a potion of invisibility {unknown}
 l - a potion of agility {unknown}
 p - a potion of curing {unknown}
 q - a potion of lignification {unknown}
 r - a potion of mutation {unknown}
 s - 2 potions of heal wounds {unknown}
 A - a potion of haste {unknown}
Books
 B - a book of Cantrips

   Spells                             Type                      Level
   a - Confusing Touch                Hexes                        1
   b - Animate Skeleton               Necromancy                   1
   c - Summon Small Mammal            Summoning                    1
   d - Apportation                    Translocation                1
Comestibles
 f - 6 bread rations
 j - 2 meat rations
 m - 3 beef jerkies
 t - a slice of pizza


   Skills:
 + Level 7.2 Fighting
 * Level 8.8 Maces & Flails
 - Level 3.2 Armour
 - Level 3.2 Shields


You had 7 spell levels left.
You didn't know any spells.

Dungeon Overview and Level Annotations

Branches:
Dungeon (6/15)             Temple (0/1) D:5

Altars:
Dithmenos
Elyvilon
Gozag
Nemelex Xobeh
Qazlal
Sif Muna
Trog
Vehumet
Xom
The Shining One

Shops:
D:5 [


Innate Abilities, Weirdness & Mutations

You are resistant to torment.
Your stone body is resilient. (AC +5)
You are immune to poison.
You resist negative energy. (rN+)
You are resistant to electric shocks. (rElec)
You can survive without breathing.
You are immune to petrification.
You are immune to rotting.


Message History

You are too injured to fight recklessly!
You are too injured to fight recklessly!
You sock the orc warrior!
The orc warrior is almost dead.
The orc warrior hits you with a dire flail!
* * * LOW HITPOINT WARNING * * *
Evoke which item? (* to show all) (? for menu, Esc to quit)
Okay, then.
Okay, then.
Okay, then.
There is a fountain of clear blue water here.
Your shield and chain mail prevent you from hitting the orc warrior.
The orc warrior is severely wounded.
The orc warrior hits you with a dire flail!
* * * LOW HITPOINT WARNING * * *
You hit the orc warrior.
The orc warrior is almost dead.
The orc warrior hits you with a dire flail.
You die...
Your body crumbles into a pile of gold.

##.............##
#..⌠...⌠...⌠..^#.
##................
#................#
#.⌠...⌠...⌠...⌠...
#.................
#..............#..
#...⌠...⌠...⌠.....
#@#...........#...
#o##..............
#.##..⌠...⌠.......
#.###.............
#.#######.........
#.................
#########.........
#.........
##........


You could see an orc warrior.

Vanquished Creatures
  Grinder (D:3)
  A sky beast (D:5)
  3 eyes of draining (D:3)
  A centaur (D:4)
  2 scorpions (D:5)
  A centaur zombie (D:6)
  3 orc wizards
  An orc priest (D:4)
  A centaur skeleton (D:5)
  A hound (D:6)
  2 iguanas
  Terence (D:2)
  Natasha (thrice) (D:3)
  A statue (D:4)
  A hound skeleton (D:4)
  Robin (D:3)
  4 adders
  11 gnolls
  A shadow imp (D:5)
  2 oozes
  4 worms
  A dart slug (D:3)
  3 leopard geckos
  8 orcs
  3 ball pythons
  7 bats
  4 giant cockroaches
  22 goblins
  9 hobgoblins
  2 quokkas
  4 frilled lizards
  9 kobolds
  10 rats
128 creatures vanquished.

Notes
Turn   | Place    | Note
-------+----------+-------------------------------------------
     0 | D:1      | Gorglomux the Gargoyle Fighter began the quest for the Orb.
     0 | D:1      | Reached XP level 1. HP: 14/14 MP: 1/1
   252 | D:1      | Reached XP level 2. HP: 19/19 MP: 2/2
   879 | D:2      | Reached skill level 3 in Maces & Flails
   879 | D:2      | Reached XP level 3. HP: 22/23 MP: 3/3
   949 | D:2      | Noticed Terence
   980 | D:2      | Killed Terence
  1023 | D:2      | Reached XP level 4. HP: 21/29 MP: 4/4
  1180 | D:2      | Found a shimmering altar of Xom.
  1189 | D:2      | Found a shadowy altar of Dithmenos.
  1189 | D:2      | Found a glowing golden altar of the Shining One.
  1192 | D:2      | Found a stormy altar of Qazlal.
  1192 | D:2      | Found a deep blue altar of Sif Muna.
  1192 | D:2      | Found a radiant altar of Vehumet.
  1374 | D:2      | Found a shadowy altar of Dithmenos.
  1527 | D:3      | Noticed Grinder
  1527 | D:3      | Reached skill level 4 in Maces & Flails
  1531 | D:3      | Paralysed by Grinder for 7 turns
  1542 | D:3      | Killed Grinder
  1542 | D:3      | Reached skill level 5 in Fighting
  1542 | D:3      | Reached skill level 5 in Maces & Flails
  1542 | D:3      | Reached XP level 5. HP: 18/35 MP: 5/5
  1542 | D:3      | Reached XP level 6. HP: 21/40 MP: 6/6
  1590 | D:3      | Found a white marble altar of Elyvilon.
  1659 | D:3      | Noticed Natasha
  1669 | D:3      | Killed Natasha
  1718 | D:3      | Noticed Robin
  1732 | D:3      | Killed Robin
  1762 | D:3      | Noticed an eye of draining
  1767 | D:3      | Noticed an eye of draining
  1768 | D:3      | Noticed an eye of draining
  1777 | D:3      | Killed an eye of draining
  1777 | D:3      | Reached skill level 6 in Maces & Flails
  1777 | D:3      | Reached XP level 7. HP: 13/44 MP: 0/7
  1790 | D:3      | Found a bloodstained altar of Trog.
  1922 | D:3      | Noticed Natasha
  1930 | D:3      | Killed Natasha
  1978 | D:3      | Noticed Natasha
  1985 | D:3      | Killed Natasha
  2080 | D:3      | Reached skill level 7 in Maces & Flails
  2086 | D:3      | Found a faded altar of an unknown god.
  2567 | D:4      | Found an opulent altar of Gozag.
  2581 | D:4      | Became a worshipper of Gozag Ym Sagoz the Greedy
  3317 | D:4      | Reached XP level 8. HP: 35/52 MP: 8/8
  3729 | D:4      | Found a radiant altar of Vehumet.
  3884 | D:5      | Entered Level 5 of the Dungeon
  3963 | D:5      | Reached skill level 8 in Maces & Flails
  4292 | D:5      | Found Syxtumeg's Armour Boutique.
  4451 | D:5      | Found a staircase to the Ecumenical Temple.
  4675 | D:6      | Found a sparkling altar of Nemelex Xobeh.
  5040 | D:6      | Slain by an orc warrior

Skill      XL: |  1  2  3  4  5  6  7  8 |
---------------+-------------------------+-----
Maces & Flails | 3 5 6 7 8 |  8.8
Fighting       | 5 6 7 |  7.2
Armour         | |  3.2
Shields        | |  3.2

Action                   |  1- 3 |  4- 6 |  7- 9 || total
-------------------------+-------+-------+-------++-------
Melee: Flail             |   132 |   154 |   295 ||   581
  Eat: Chunk             |     1 |     2 |     4 ||     7
       Beef jerky        |       |       |     1 ||     1
       Meat ration       |       |       |     1 ||     1
Armor: Scale mail        |    89 |    77 |    74 ||   240
       Chain mail        |       |       |   115 ||   115
Dodge: Dodged            |    62 |    52 |    86 ||   200
Block: Shield            |    98 |    76 |   130 ||   304
